Map: 이페머론 - 래더

Players

GOReynor (Reynor)

  • Race: Zerg Zerg
  • League: Master
  • Spawn Location: 5:00

Cure - Winner!

  • Race: Terran Terran
  • League: Master
  • Spawn Location: 11:00

Event: HomeStory Cup XX

VOD

Have the link to the VOD?

Description

Time

  • Played on: Nov. 23, 2019, 12:17 p.m.
  • Length: 19:52

All games in this series

Show
View Real Time Build Order
Export as new Build Order

GOReynor Zerg 

Build Orders: Hatch First, Swarm Host 

Get SALT Encoding   

  12  0:00  Drone  
  13  0:12  Overlord  
  13  0:16  Drone  
  14  0:31  Drone x2  
  16  0:47  Hatchery  
  15  0:51  Drone  
  15  0:55  Drone  
  17  0:57  Drone  
  18  1:09  Extractor  
  17  1:13  Spawning Pool  
  17  1:15  Drone  
  17  1:20  Drone  
  18  1:27  Drone  
  19  1:38  Drone  
  20  1:49  Overlord  
  20  2:00  Zergling x4, Queen x2  
  26  2:12  Drone x2  
  26  2:13  Metabolic Boost  
  28  2:20  Drone  
  28  2:21  Drone  
  30  2:33  Drone x2  
  32  2:42  Drone  
  32  2:43  Hatchery  
  31  2:45  Drone  
  32  2:53  Queen  
  32  2:57  Overlord  
  34  2:59  Drone  
  35  3:11  Drone  
  36  3:16  Zergling x2, Drone x2  
  36  3:17  Overlord  
  36  3:18  Drone  
  40  3:24  Drone  
  41  3:27  Drone  
  41  3:29  Queen  
  41  3:34  Overlord  
  44  3:46  Zergling x8  
  44  3:47  Overlord  
  47  3:53  Zergling x2  
  46  3:55  Drone  
  46  3:58  Drone  
  46  4:00  Drone x2  
  46  4:01  Drone  
  46  4:02  Drone  
  51  4:03  Queen  
  51  4:05  Drone  
  51  4:09  Drone  
  55  4:13  Overlord  
  55  4:15  Drone x2  
  57  4:17  Queen x2  
  57  4:19  Overlord  
  57  4:21  Drone  
  62  4:26  Zergling x2  
  62  4:27  Drone  
  62  4:30  Drone  
  65  4:32  Zergling x2  
  65  4:33  Drone  
  65  4:34  Drone  
  65  4:35  Drone  
  66  4:40  Zergling x2  
  66  4:45  Zergling x2  
  63  4:50  Zergling x6  
  63  4:51  Overlord  
  65  4:55  Drone  
  65  4:58  Queen  
  66  5:02  Drone  
  66  5:05  Drone  
  68  5:07  Drone  
  68  5:10  Spore Crawler  
  68  5:11  Lair  
  68  5:12  Drone x2  
  68  5:17  Drone x3  
  72  5:21  Drone  
  72  5:22  Spore Crawler  
  72  5:24  Zergling x2  
  72  5:27  Drone  
  70  5:31  Extractor, Zergling x6  
  70  5:32  Drone  
  70  5:34  Queen  
  70  5:35  Spore Crawler, Drone x2  
  76  5:38  Drone  
  76  5:41  Drone x2  
  79  5:44  Overlord  
  79  5:48  Drone  
  80  5:51  Drone x2  
  80  5:52  Drone  
  80  5:53  Drone  
  80  5:56  Drone  
  84  5:59  Drone, Roach Warren  
  84  6:00  Evolution Chamber  
  84  6:01  Drone  
  84  6:02  Extractor  
  83  6:05  Overlord  
  83  6:06  Queen  
  83  6:08  Drone x2  
  83  6:09  Drone  
  83  6:11  Drone  
  88  6:14  Overlord  
  88  6:15  Drone x2  
  88  6:17  Extractor  
  88  6:18  Extractor  
  88  6:21  Drone x2  
  90  6:30  Overlord  
  89  6:40  Roach x6  
  89  6:41  Drone  
  89  6:45  Overlord  
  89  6:46  Queen x2  
  100  6:50  Roach x3  
  100  6:53  Drone  
  99  6:56  Queen, Drone  
  99  6:59  Drone x3  
  99  7:00  Drone  
  98  7:06  Drone x4  
  98  7:07  Drone  
  100  7:10  Zerg Missile Weapons Level 1  
  100  7:11  Drone  
  100  7:12  Extractor  
  100  7:13  Overseer  
  100  7:15  Drone  
  100  7:18  Extractor  
  100  7:19  Drone  
  100  7:22  Drone  
  102  7:25  Glial Reconstitution  
  102  7:26  Drone  
  103  7:32  Drone x2  
  103  7:34  Hatchery  
  104  7:38  Drone  
  104  7:41  Spire  
  104  7:43  Overlord  
  104  7:48  Roach x2  
  104  7:49  Roach  
  110  7:52  Overlord  
  110  8:01  Queen  
  110  8:03  Queen, Drone x8  
  122  8:07  Overlord  
  122  8:16  Overlord  
  122  8:22  Overlord  
  122  8:28  Drone  
  122  8:29  Infestation Pit, Drone x4  
  122  8:32  Extractor, Overlord  
  125  8:36  Extractor  
  122  8:42  Drone x2  
  122  8:44  Drone x4  
  122  8:46  Drone x2  
  125  8:48  Drone  
  125  8:53  Spore Crawler  
  125  8:56  Corruptor x5  
  125  9:01  Corruptor x2  
  138  9:08  Corruptor x2  
  136  9:12  Drone  
  136  9:16  Drone  
  136  9:17  Drone  
  134  9:18  Drone x2  
  134  9:22  Drone  
  134  9:23  Drone  
  138  9:27  Spore Crawler  
  137  9:33  Drone x2  
  137  9:37  Drone  
  140  9:45  Drone x4  
  144  9:46  Extractor  
  141  9:54  Overlord  
  141  9:55  Swarm Host x6  
  141  9:56  Overlord x2  
  159  10:00  Overlord  
  159  10:03  Overlord  
  159  10:06  Zerg Missile Weapons Level 2  
  159  10:08  Drone  
  159  10:11  Evolution Chamber  
  159  10:12  Spine Crawler x2  
  157  10:17  Queen  
  159  10:21  Swarm Host x8  
  159  10:25  Drone  
  159  10:26  Drone x2  
  186  10:30  Overlord  
  186  10:35  Corruptor x2  
  186  10:38  Roach x3  
  196  10:45  Zerg Ground Armor Level 1  
  196  10:46  Zerg Flyer Weapons Level 1  
  196  10:49  Roach x2  
  200  10:53  Overlord  
  199  11:02  Overlord  
  199  11:03  Roach  
  200  11:08  Hive  
  200  11:10  Drone x4  
  194  11:14  Hatchery  
  194  11:15  Overlord  
  193  11:23  Ravager x2  
  193  11:24  Ravager x2  
  197  11:26  Corruptor  
  199  11:33  Pneumatized Carapace  
  199  11:37  Ravager  
  195  12:06  Spore Crawler x2, Roach x8  
  195  12:07  Roach x3  
  199  12:08  Roach  
  199  12:11  Swarm Host  
  199  12:15  Roach x2  
  200  12:33  Ravager x4  
  193  12:47  Ravager  
  193  12:48  Ravager x3  
  193  12:51  Roach x2  
  197  12:56  Roach x5  
  197  13:03  Swarm Host  
  200  13:11  Swarm Host x2  
  200  13:16  Zerg Missile Weapons Level 3  
  198  13:34  Extractor  
  198  13:38  Extractor  
  198  13:39  Roach x6  
  197  13:42  Ravager  
  197  13:43  Ravager x2  
  197  13:48  Drone x3, Spine Crawler x2  
  191  13:57  Roach x6  
  191  14:01  Roach x5  
  198  14:03  Ravager x2  
  198  14:07  Roach  
  198  14:08  Roach  
  193  14:22  Roach x5  
  199  14:24  Roach x4  
  199  14:27  Roach x5  
  195  14:35  Roach x2  
  199  14:38  Overlord  
  199  14:39  Overlord x4  
  197  14:49  Overlord x3  
  187  14:57  Overlord  
  187  14:58  Roach x7  
  199  15:04  Roach  
  193  15:10  Roach x9  
  175  15:15  Roach  
  175  15:17  Ravager x3  
  175  15:21  Roach x2  
  170  15:24  Roach  
  170  15:27  Swarm Host  
  170  15:28  Queen  
  147  15:29  Ravager x3  
  147  15:30  Swarm Host x2, Ravager  
  147  15:33  Ravager x2  
  147  15:34  Swarm Host  
  146  15:36  Swarm Host  
  146  15:38  Swarm Host  
  146  15:42  Swarm Host x2  
  148  15:45  Swarm Host  
  148  15:46  Swarm Host x5  
  156  15:52  Roach x2  
  156  15:54  Ravager  
  156  15:55  Swarm Host x2  
  159  16:00  Roach x3  
  159  16:01  Roach  
  167  16:04  Roach Warren  
  167  16:05  Ravager x5  
  167  16:06  Swarm Host x3  
  175  16:13  Overlord  
  159  16:18  Swarm Host x2  
  159  16:19  Swarm Host  
  159  16:30  Overlord  
  157  16:38  Swarm Host x2  
  159  16:41  Drone  
  159  16:43  Ravager  
  159  16:44  Ravager  
  149  16:47  Overlord x2  
  149  16:58  Roach x3  
  145  17:10  Roach  
  145  17:11  Roach x2  
  147  17:17  Roach x2  
  147  17:20  Roach  
  138  17:24  Roach  
  136  17:30  Roach x2  
  136  17:35  Ravager x3  
  135  17:42  Ravager x2  
  135  17:43  Ravager  
  138  17:45  Roach x2  
  138  17:50  Drone x2  
  144  17:53  Roach  
  144  17:55  Ravager x3  
  149  18:00  Roach  
  149  18:01  Roach  
  151  18:08  Roach x2  
  143  18:13  Roach x2  
  144  18:25  Roach x3  
  147  18:27  Drone x2  
  147  18:30  Ravager x2  
  146  18:38  Drone x3  
  134  18:59  Ravager  
  134  19:00  Ravager x3, Drone x6  
  140  19:16  Roach x4  
  135  19:20  Roach  
  137  19:26  Roach x2  
  137  19:31  Roach x3  
  122  19:42  Ravager x3  
Show
View Real Time Build Order
Export as new Build Order

Cure Terran - Winner!

Build Orders: Hellion Opening, Reaper Expand, Mech 

Get SALT Encoding   

  12  0:00  SCV  
  13  0:12  SCV  
  14  0:17  Supply Depot  
  14  0:24  SCV  
  15  0:38  SCV  
  15  0:40  Barracks  
  16  0:42  Refinery  
  16  0:51  SCV  
  17  1:03  SCV  
  18  1:15  SCV  
  19  1:26  Reaper  
  19  1:27  Orbital Command  
  20  1:40  Command Center  
  20  1:49  Supply Depot  
  20  1:52  SCV  
  21  1:58  Marine  
  22  2:05  SCV  
  23  2:12  Refinery  
  23  2:13  Factory  
  23  2:17  SCV  
  23  2:19  Barracks Reactor  
  24  2:29  SCV  
  25  2:41  SCV  
  26  2:51  Orbital Command  
  26  2:53  SCV  
  27  3:02  Starport  
  27  3:04  Hellion x2  
  27  3:05  SCV  
  32  3:09  Marine  
  33  3:17  Supply Depot  
  33  3:18  SCV x2  
  35  3:27  Hellion  
  35  3:28  Hellion  
  35  3:30  SCV x2  
  41  3:40  Starport Tech Lab  
  41  3:41  Fusion Core  
  41  3:42  Supply Depot, SCV x2  
  41  3:54  SCV x2  
  42  3:57  Hellion x2  
  44  4:05  Supply Depot  
  44  4:06  SCV x2  
  46  4:18  SCV x2  
  46  4:19  Hellion x2  
  52  4:28  Battlecruiser  
  52  4:29  Supply Depot  
  58  4:32  SCV  
  58  4:33  SCV  
  60  4:45  Command Center, SCV  
  60  4:46  SCV  
  60  4:47  Hellion x2  
  64  4:58  SCV x2  
  62  5:04  Refinery  
  62  5:05  Weapon Refit, Refinery  
  60  5:08  Supply Depot  
  60  5:09  Hellion x2  
  60  5:10  SCV x2  
  66  5:22  SCV x2  
  68  5:30  Hellion  
  68  5:31  Hellion  
  68  5:34  SCV x2  
  74  5:36  Battlecruiser  
  80  5:46  SCV x2  
  82  5:56  Hellion x2  
  86  5:59  Orbital Command  
  86  6:00  Factory  
  86  6:01  SCV x2  
  86  6:02  Factory  
  88  6:13  SCV x2  
  88  6:18  Hellion x2  
  94  6:21  Armory  
  94  6:22  Armory  
  94  6:25  SCV x2  
  96  6:27  Orbital Command  
  96  6:37  SCV x2  
  96  6:39  Hellion x2  
  100  6:50  SCV  
  100  6:51  Supply Depot  
  100  6:53  Factory Tech Lab x2, Supply Depot, SCV  
  100  6:57  Battlecruiser  
  100  6:58  SCV  
  101  7:02  Hellion  
  101  7:04  Hellion  
  101  7:07  SCV  
  98  7:09  SCV  
  98  7:10  SCV  
  98  7:12  Refinery  
  98  7:13  Refinery, Siege Tank x2  
  104  7:18  Terran Vehicle Weapons Level 1  
  104  7:19  SCV  
  105  7:28  Hellion x2, Command Center  
  109  7:32  SCV x3  
  112  7:40  Terran Vehicle And Ship Armor Level 1  
  112  7:45  Siege Tank  
  115  7:51  Siege Tank  
  115  7:52  Hellion, Supply Depot x2  
  115  7:53  Hellion  
  122  8:03  Supply Depot  
  122  8:04  Factory, Engineering Bay  
  122  8:05  Factory  
  122  8:08  SCV x3  
  121  8:21  Siege Tank  
  121  8:22  Hellion x2  
  128  8:27  Supply Depot  
  128  8:29  Missile Turret, SCV x3  
  131  8:41  SCV  
  133  8:43  Hellion x2  
  133  8:49  SCV x2  
  133  8:51  Factory Reactor  
  133  8:54  Factory  
  129  8:56  Factory  
  129  8:57  Siege Tank  
  129  9:00  Factory  
  129  9:02  SCV x3  
  132  9:06  Siege Tank x2  
  132  9:07  Hellion x2  
  132  9:08  Refinery  
  142  9:12  Refinery  
  142  9:25  Terran Vehicle Weapons Level 2  
  142  9:28  Planetary Fortress  
  142  9:36  Command Center  
  145  9:38  Siege Tank  
  145  9:39  Factory Tech Lab, Siege Tank x2  
  145  9:41  Factory Tech Lab, Command Center  
  145  9:43  Hellion x3  
  145  9:45  Factory Reactor  
  157  9:50  Hellion x2  
  157  9:51  Hellion x4  
  157  9:52  Terran Vehicle And Ship Armor Level 2  
  157  10:05  Thor  
  163  10:14  Smart Servos, Infernal Pre-Igniter  
  163  10:20  Command Center  
  163  10:21  Supply Depot, Command Center  
  163  10:24  Supply Depot  
  163  10:34  Thor  
  169  10:42  Thor  
  169  10:46  Missile Turret  
  175  10:51  Sensor Tower  
  175  10:55  Thor  
  175  10:56  Orbital Command  
  181  11:05  Thor  
  181  11:06  Thor  
  181  11:07  Hellion  
  187  11:17  Hellion, Thor  
  189  11:22  Hellion  
  188  11:25  Siege Tank  
  188  11:30  Hellion  
  192  11:38  Siege Tank  
  195  11:40  Refinery  
  195  11:42  Hellion x2  
  195  11:45  Planetary Fortress  
  199  11:53  Orbital Command x2  
  199  11:58  Refinery  
  182  12:10  Thor  
  182  12:11  Siege Tank x3  
  182  12:12  Hellion  
  197  12:23  Terran Vehicle Weapons Level 3  
  197  12:24  Terran Vehicle And Ship Armor Level 3  
  197  12:27  Hellion  
  197  12:29  Command Center  
  184  12:53  Thor x2  
  184  12:54  Starport x2  
  184  12:57  Thor  
  196  12:58  Hellion x2  
  196  13:11  Refinery, Thor  
  199  13:14  Refinery  
  199  13:16  Advanced Ballistics  
  199  13:38  Command Center  
  199  13:39  Command Center  
  195  13:47  Hellion, Siege Tank  
  200  13:58  Siege Tank, Thor  
  200  14:08  Hellion, Siege Tank  
  181  14:25  Thor x2  
  181  14:26  Hellion  
  181  14:27  Hellion  
  181  14:30  Siege Tank  
  178  14:35  Hellion  
  174  14:40  Siege Tank  
  174  14:41  Siege Tank  
  180  14:47  Orbital Command  
  180  15:01  Planetary Fortress  
  180  15:02  Thor  
  180  15:04  Orbital Command  
  181  15:08  Siege Tank  
  169  15:26  Siege Tank, Thor x2  
  171  15:31  Hellion  
  173  15:36  Orbital Command  
  173  15:42  Hellion x2, Siege Tank  
  180  15:45  Hellion, Siege Tank  
  178  15:57  Hellion  
  178  15:58  Siege Tank  
  181  16:09  Siege Tank, Armory  
  181  16:10  Starport Reactor x2, Armory  
  181  16:19  Refinery  
  181  16:23  Hellion x2, Siege Tank x2  
  181  16:24  Hellion  
  174  16:40  Hellion x2, Siege Tank x2  
  174  16:41  Siege Tank  
  174  16:44  Hellion  
  186  16:50  Hellion  
  186  16:53  Orbital Command  
  188  16:55  Siege Tank x2  
  180  17:17  Hellion x2, Siege Tank x2, Thor  
  180  17:21  Hellion  
  153  17:22  Hellion  
  153  17:24  Orbital Command  
  153  17:25  Liberator  
  153  17:27  Siege Tank x2  
  146  17:34  Liberator x2  
  146  17:35  Hellion  
  148  17:37  Liberator  
  148  17:42  Hellion x2  
  149  17:49  Siege Tank x2  
  164  17:59  Siege Tank  
  164  18:00  Thor  
  173  18:06  Liberator  
  173  18:07  Thor  
  173  18:09  Liberator  
  176  18:17  Liberator x2  
  171  18:20  Liberator  
  171  18:21  Hellion, Thor x2  
  171  18:31  Thor  
  170  18:36  Orbital Command  
  174  18:43  Thor  
  174  18:47  Hellion x3  
  179  18:49  Liberator  
  179  18:50  Siege Tank  
  179  18:53  Hellion  
  179  18:54  Hellion x2  
  183  19:04  Siege Tank, Thor  
  183  19:08  Hellion  
  183  19:09  Hellion  
  193  19:18  Hellion x3, Siege Tank  
  193  19:20  Hellion  
Tags
 
Add a new tag
Caveats
  • Supply blocks, unpowered buildings, or Contaminate may cause inaccurate times.
  • Supply counts are checked every 10 seconds.